 Dungeon Crawl Stone Soup version 0.31.0-11-ge490571c62 (webtiles) character file.

Game seed: 15010199800743318775

485 qw the Ducker (level 6, -1/30 HPs)
             Began as a Spriggan Hunter on Feb 4, 2024.
             Slain by Edmund
             ... wielding a +0 flail of holy wrath
              (8 damage)
             ... on level 5 of the Dungeon.
             The game lasted 00:00:15 (2946 turns).

qw the Ducker (Spriggan Hunter)                     Turns: 2946, Time: 00:00:15

Health: -1/30      AC:  2    Str:  7    XL:     6   Next: 88%
Magic:  7/7        EV: 22    Int: 10    God:
Gold:   327        SH:  0    Dex: 21    Spells: 5/5 levels left

rFire   + . .        a - +3 shortbow
rCold   + . .        (shield currently unavailable)
rNeg    . . .        c - +0 robe
rPois   +            (helmet restricted)
rElec   .            i - scarf {rC+ rF+}
rCorr   +            (gloves unavailable)
SInv    +            (boots unavailable)
Will    +....        (no amulet)
Stlth   ++           k - ring of poison resistance
HPRegen 0.25/turn    j - ring of resist corrosion
MPRegen 0.10/turn

%: no passive effects
@: very quick
A: very small, no large weapons, unfitting armour, see invisible, speed 3
a: no special abilities


You were on level 5 of the Dungeon.
You visited 1 branch of the dungeon, and saw 6 of its levels.

You collected 327 gold pieces.


Innate Abilities, Weirdness & Mutations

You are very small and have problems with some larger weapons.
You are too small for most types of armour.
You have supernaturally acute eyesight. (SInv)
You cover ground extremely quickly. (Speed+++)


   Skills:
 - Level 2.1 Fighting
 + Level 6.5 Ranged Weapons
 - Level 6.7 Dodging
 - Level 1.5 Stealth


You had 5 spell levels left.
You didn't know any spells.
Your spell library was empty.

Inventory:

Hand Weapons
 a - a +3 shortbow (weapon)
Armour
 c - a +0 robe (worn)
 i - a scarf of resistance (worn)
Jewellery
 j - a ring of resist corrosion (right hand)
 k - a ring of poison resistance (left hand)
 Y - a ring of positive energy
Wands
 h - a wand of polymorph (8)
Potions
 b - a potion of enlightenment
 f - a potion of resistance
 m - a potion of haste {unknown}

Dungeon Overview and Level Annotations

Branches:
Dungeon (6/15)             Temple (0/1) D:5

Altars:
Cheibriados
Gozag
Ru
Wu Jian
Xom
Zin

Annotations:
D:3 exclusion: 2 iron imps
D:5 Edmund


Message History

You enter the shallow water.
Moving in this stuff is going to be slow.
Found 2 atropa-tipped darts.
You see here 2 atropa-tipped darts.
Found a staircase to the Ecumenical Temple and a stone staircase leading down.
2933 ||| PLANNING TEMPLE An orc comes into view.
It is wielding a +0 dagger.
The orc shouts!
Edmund the Younger comes into view.
He is wielding a +0 flail of holy wrath.
You shoot an arrow. The arrow closely misses Edmund.
Edmund shouts!
You shoot an arrow. The arrow barely misses Edmund.
You shoot an arrow. The arrow barely misses the orc.
The orc completely misses you. The orc closely misses you.
You shoot an arrow. The arrow hits the orc.
The orc is heavily wounded.
A sleepcap comes into view.
The orc hits you but does no damage.
Enter note:
Enter note:
Enter note:
Enter note:
2941 ||| RETREEEEATING.
You shoot an arrow. The arrow hits the orc!
You kill the orc!
Enter note:
Enter note:
2943 ||| RETREEEEATING.
Edmund attacks as he pursues you! Edmund closely misses you.
You shoot an arrow. The arrow hits Edmund.
Edmund is lightly wounded.
Edmund hits you with a +0 flail of holy wrath!
You shoot an arrow. The arrow hits Edmund.
Edmund is lightly wounded.
Edmund hits you with a +0 flail of holy wrath!
You shoot an arrow. The arrow hits Edmund.
Edmund is lightly wounded.
Edmund hits you with a +0 flail of holy wrath!
You die...
Edmund whines, "They better pay attention to me now!"

......# 7~
~.~~~~~PP7#.. .....##~
~.~~~~~~~~~.. f..>..#
~.~~~P~~~~.#.
##.8.#.##77.~~~~~~7..#.
#......#... ~7~~~#....
#.##8.>.8##.. ####..###
.........##.# #.##
#.8.###.# ##.#
.....#).@@.(########..#
... ######..........##
# ############


You could see Edmund.

Vanquished Creatures
  2 ogres
  2 bombardier beetles
  A hound (D:5)
  An iguana (D:5)
  A sleepcap (D:5)
  4 gnolls (D:3)
  7 adders
  2 dart slugs (D:3)
  A ribbon worm (D:2)
  An orc (D:5)
  7 ball pythons
  4 endoplasms
  6 giant cockroaches
  6 goblins
  5 hobgoblins
  2 jackals (D:2)
  8 kobolds
  2 quokkas (D:3)
  3 bats (D:1)
  2 frilled lizards
  4 rats
71 creatures vanquished.

Notes
Turn   | Place    | Note
-------+----------+-------------------------------------------
     0 | D:1      | qw the Spriggan Hunter began the quest for the Orb.
     0 | D:1      | Reached XP level 1. HP: 10/10 MP: 2/2
     0 | D:1      | 0 ||| qw: Version: 0.3-a-160-g6735b56
     0 | D:1      | 0 ||| qw: Game counter: 4902
     0 | D:1      | 0 ||| qw: Melee chars always use a shield: true
     0 | D:1      | 0 ||| qw: God list: Okawaru
     0 | D:1      | 0 ||| qw: Allow faded altars: false
     0 | D:1      | 0 ||| qw: Do Orc after clearing Dungeon:15 true
     0 | D:1      | 0 ||| qw: Do second Lair branch before Depths: true
     0 | D:1      | 0 ||| qw: Lair rune preference: random
     0 | D:1      | 0 ||| qw: Goals: Normal
     0 | D:1      | 0 ||| PLANNING D:1-11
    13 | D:1      | Reached skill level 3 in Dodging
   271 | D:1      | Reached XP level 2. HP: 14/14 MP: 3/3
   820 | D:1      | 820 ||| UPGRADING to ring of positive energy.
   821 | D:1      | 821 ||| READING 2 scrolls labelled ONU NUINOI.
   821 | D:1      | 821 ||| IDENTIFYING scroll labelled TYSMAO YFEH
   822 | D:1      | 822 ||| DROPPING scroll of butterflies.
   823 | D:1      | 823 ||| DROPPING scroll of vulnerability.
   899 | D:2      | Found a sacrificial altar of Ru.
   904 | D:2      | Reached XP level 3. HP: 18/18 MP: 4/4
  1230 | D:2      | Reached XP level 4. HP: 22/22 MP: 5/5
  1396 | D:2      | 1396 ||| UPGRADING to scarf of resistance.
  1401 | D:2      | 1401 ||| UPGRADING to ring of resist corrosion.
  1402 | D:2      | 1402 ||| READING 3 scrolls of identify.
  1402 | D:2      | 1402 ||| IDENTIFYING fizzy white potion
  1403 | D:2      | 1403 ||| READING 2 scrolls of identify.
  1403 | D:2      | 1403 ||| IDENTIFYING metallic yellow potion
  1404 | D:2      | 1404 ||| READING scroll of identify.
  1404 | D:2      | 1404 ||| IDENTIFYING lumpy puce potion
  1405 | D:2      | 1405 ||| READING 3 scrolls labelled ZIEBLO NEYTU.
  1405 | D:2      | 1405 ||| ENCHANTING +0 shortbow.
  1406 | D:2      | 1406 ||| READING 2 scrolls of enchant weapon.
  1406 | D:2      | 1406 ||| ENCHANTING +1 shortbow.
  1407 | D:2      | 1407 ||| READING scroll of enchant weapon.
  1407 | D:2      | 1407 ||| ENCHANTING +2 shortbow.
  1408 | D:2      | 1408 ||| READING scroll labelled KOFURO KIHEP.
  1409 | D:2      | 1409 ||| DROPPING potion of degeneration.
  1545 | D:3      | Reached XP level 5. HP: 26/26 MP: 6/6
  1549 | D:3      | HP: 3/26 [gnoll/+0 halberd (7)]
  1675 | D:3      | Found a glowing silver altar of Zin.
  1892 | D:3      | Found an ornate altar of the Wu Jian Council.
  1961 | D:3      | 1961 ||| UPGRADING to ring of poison resistance.
  1963 | D:3      | 1963 ||| READING scroll labelled YQOOWIRPHY MUORR.
  1964 | D:3      | 1964 ||| READING scroll labelled SAVVYE BORIHA.
  2065 | D:3      | 2065 ||| READING scroll labelled BETHIO CEUNARGHOJ.
  2189 | D:4      | You fall into a shaft and drop 2 floors!
  2190 | D:6      | 2190 ||| READING scroll of identify.
  2190 | D:6      | 2190 ||| IDENTIFYING inky potion
  2191 | D:6      | 2191 ||| READING scroll labelled FYELOA GAWN.
  2192 | D:6      | 2192 ||| DROPPING potion of brilliance.
  2200 | D:5      | Entered Level 5 of the Dungeon
  2228 | D:4      | Noticed an ogre
  2232 | D:4      | Killed an ogre
  2233 | D:4      | Reached skill level 6 in Ranged Weapons
  2233 | D:4      | Reached XP level 6. HP: 30/30 MP: 7/7
  2289 | D:4      | HP: 6/30 [burnt (3)]
  2292 | D:4      | HP: 2/30 [burnt (2)]
  2406 | D:4      | Found an opulent altar of Gozag.
  2406 | D:4      | Found a snail-covered altar of Cheibriados.
  2682 | D:4      | 2682 ||| READING scroll of identify.
  2682 | D:4      | 2682 ||| IDENTIFYING orange potion
  2683 | D:4      | 2683 ||| READING scroll labelled FIKKOCAPUS.
  2686 | D:4      | 2686 ||| DROPPING potion of attraction.
  2741 | D:5      | Reached skill level 6 in Dodging
  2889 | D:5      | Found a shimmering altar of Xom.
  2932 | D:5      | Found a staircase to the Ecumenical Temple.
  2933 | D:5      | 2933 ||| PLANNING TEMPLE
  2936 | D:5      | Noticed Edmund
  2941 | D:5      | 2941 ||| RETREEEEATING.
  2943 | D:5      | 2943 ||| RETREEEEATING.
  2945 | D:5      | HP: 7/30 [Edmund/+0 flail of holy wrath (14)]
  2946 | D:5      | Slain by Edmund

Levels and vault maps discovered:
D:1:      scummos_arrival_forest, layout_basic
D:2:      layout_basic, basic_altar
D:3:      layout_rooms, pdpol_wu_jian_five_deadly_venoms, zin_academy,
          demons_altar
D:4:      layout_cave_pools, jmf_multi_god_temple
D:5:      wander_river, layout_basic, lemuel_doored_altar,
          gammafunk_temple_overflow_pools, yredelemnul_forgotten_temple_becter,
          minmay_temple_entry_statues_pillars, serial_bayou_lagoon_b,
          uniq_edmund
D:6:      layout_basic, serial_rivers, chequers_serial_rivers_room_a,
          chequers_serial_rivers_room_b, chequers_serial_rivers_small_3,
          chequers_serial_rivers_small_b, chequers_serial_rivers_micro_c,
          chequers_serial_rivers_room_b

Skill      XL: |  1  2  3  4  5  6 |
---------------+-------------------+-----
Dodging        | 3 4 5 6 |  6.7
Ranged Weapons | 5 6 |  6.5
Fighting       | 2 |  2.1
Stealth        | |  1.5

Action                     |  1- 3 |  4- 6 || total
---------------------------+-------+-------++-------
   Fire: Shortbow          |    98 |   109 ||   207
    Use: Scroll            |     1 |    14 ||    15
 Armour: Robe              |     6 |     7 ||    13
  Dodge: Dodged            |    26 |    29 ||    55

Table legend:
 A = Non-vault XP
 B = Vault XP
 C = Vault XP percentage of total XP
 D = Non-vault monster count
 E = Vault monster count
 F = Vault count percentage of total count
                 A         B        C        D         E       F
            +---------+---------+-------+---------+---------+-------
      Total |     644 |      50 |   7.2 |      69 |       2 |   2.8
            +---------+---------+-------+---------+---------+-------
        D:1 |      31 |       0 |   0.0 |      20 |       0 |   0.0
        D:2 |      82 |       0 |   0.0 |      20 |       0 |   0.0
        D:3 |     140 |       0 |   0.0 |      15 |       0 |   0.0
        D:4 |     158 |      50 |  24.0 |       9 |       2 |  18.2
        D:5 |     233 |       0 |   0.0 |       5 |       0 |   0.0
            +---------+---------+-------+---------+---------+-------
